 Dungeon Crawl Stone Soup version 0.29-a0-284-gf9362112df (webtiles) character file.

Game seed: 9469630804734453352

20 spaghetti the Skirmisher (level 2, -5/35 HPs)
             Began as an Ogre Fighter on Mar 20, 2022.
             Killed from afar by a white imp (6 damage)
             ... with a puff of frost
             ... summoned by Natasha
             ... on level 2 of the Dungeon.
             The game lasted 00:02:06 (1241 turns).

spaghetti the Skirmisher (Ogre Fighter)             Turns: 1241, Time: 00:02:07

Health: -5/35      AC:  4    Str: 25    XL:     2   Next: 79%
Magic:  2/2        EV:  8    Int:  9    God:
Gold:   63         SH:  7    Dex:  8    Spells: 1/1 levels left

rFire   . . .      SeeInvis .   a - +0 flail {mace}
rCold   . . .      Faith    .   c - +0 kite shield
rNeg    . . .      Spirit   .   b - +0 robe
rPois   .          Reflect  .   (helmet restricted)
rElec   .          Harm     .   l - +0 cloak
rCorr   .          Rampage  .   (gloves unavailable)
Will    .....                   (boots unavailable)
Stlth   +.........              (no amulet)
HPRegen 0.11/turn               e - +6 ring of strength
MPRegen 0.08/turn               (no ring)

@: mighty
A: large, unfitting armour, tough skin 1
a: no special abilities


You were on level 2 of the Dungeon.
You visited 1 branch of the dungeon, and saw 2 of its levels.

You collected 63 gold pieces.


Innate Abilities, Weirdness & Mutations

You are too large for most types of armour.
You have tough skin. (AC +1)


   Skills:
 + Level 5.3 Fighting
 - Level 1.7 Maces & Flails
 - Level 2.6 Dodging
 - Level 2.6 Shields


You had one spell level left.
You didn't know any spells.
Your spell library was empty.

Inventory:

Hand Weapons
 a - a +0 flail (weapon) {mace}
Missiles
 g - a throwing net (quivered) {=f!fthrowing}
Armour
 b - a +0 robe (worn)
 c - a +0 kite shield (worn)
 l - a +0 cloak (worn)
   (You found it on level 1 of the Dungeon)
Jewellery
 e - a +6 ring of strength (left hand)
   (You found it on level 1 of the Dungeon)
Scrolls
 f - a scroll of teleportation {@r4}
 j - a scroll of silence {unknown}
 k - a scroll of fog {unknown}
Potions
 d - a potion of might
 h - a potion of curing {unknown}
 i - a potion of attraction {unknown}

Dungeon Overview and Level Annotations

Branches:
Dungeon (2/15)

Altars:

Annotations:
D:2 Natasha

....^ .#..
...#
###... ##
..ยง.. .#
#..>#.##
#..5hr.###
#5@....#
##.#.#....
#.. .# .
..#. ..
#.... ..
### ## ..
#


You could see Natasha, a white imp (summoned), a shadow imp (summoned) and a
rat.


Message History

The ball python barely misses you.
You closely miss the ball python. The ball python bites you. ๐Ÿ˜• HP[-2]
You take 2 damage, and now have 33/35 hp.
You sock the ball python!
You kill the ball python!
Key pressed, stopping explore.
You see here a +0 cloak.
You open the door.
There is an open door here.
There is an open door here.
You open the door.
There is an open door here.
There is a staircase leading out of the dungeon here.
A hobgoblin comes into view. ๐Ÿ˜Ž HP[+2]
Your hp is fully restored (35).
The hobgoblin shouts!
You sock the hobgoblin!
You kill the hobgoblin!
Search for what [? for help]? cloak
There is an open door here.
You see here a +0 cloak.
l - a +0 cloak You start putting on your armour.
You continue putting on your +0 cloak. x4
You finish putting on your +0 cloak.
Things that are here:
a +0 club {mace}; a goblin skeleton
There is an open door, spattered with blood here.
There is an open door here.
Key pressed, stopping explore.
You open the door.
There is an open door here.
You open the door.
There is an open door here.
You now have 63 gold pieces (gained 12).
Done exploring.
Unknown command.
Done exploring.
Done exploring.
Done exploring.
Done exploring.
(D) Dungeon
Where to? (Enter - D:1 @ (x,y), ? - help)
There is an open door here.
There is an open door here.
There is a stone staircase leading down here.
You climb downwards.
Natasha hisses angrily.
Found a stone staircase leading down.
There is a stone staircase leading up here.
There are monsters nearby!
Unknown command.
Unknown command.
There are monsters nearby!
You closely miss Natasha.
Natasha mumbles some strange words.
You closely miss Natasha. Natasha casts a spell at you.
The magic dart hits you. ๐Ÿ˜• HP[-4]
You take 4 damage, and now have 31/35 hp.
You hit the crimson imp.
Natasha casts a spell.
The crimson imp hits you but does no damage.
Natasha mumbles some strange words.
You hit the crimson imp but do no damage.
The crimson imp blinks!
The rat bites you. Natasha claws you.
The white imp closely misses you. ๐Ÿ˜ฎ HP[-6]
You take 6 damage, and now have 25/35 hp.
You are too injured to fight recklessly!
You are too injured to fight recklessly!
Unknown command.
You barely miss Natasha. You block Natasha's attack.
The rat bites you but does no damage.
The white imp hits you but does no damage.
The crimson imp spits at you. The rat bites you but does no damage.
Natasha claws you but does no damage. You block the white imp's attack.
The shadow imp gestures at you. Pain shoots through your body!
* * * LOW HITPOINT WARNING * * *
๐Ÿ˜จ HP[-9]
You take 9 damage, and now have 16/35 hp.
MASSIVE DAMAGE!! (PAUSE)
You feel very mighty all of a sudden. The rat barely misses you.
You block Natasha's attack. The white imp gestures at you.
The puff of frost hits you!
* * * LOW HITPOINT WARNING * * *
๐Ÿ˜ฑ HP[-8]
You take 8 damage, and now have 8/35 hp.
MASSIVE DAMAGE!! (PAUSE)
You barely miss Natasha.
The crimson imp blinks!
Natasha claws you!
* * * LOW HITPOINT WARNING * * *
The rat bites you but does no damage. The white imp gestures at you.
The puff of frost hits you.
You die...

Skill      XL: |  1  2 |
---------------+-------+-----
Fighting       | 5 |  5.3
Maces & Flails | |  1.7
Dodging        | |  2.6
Shields        | |  2.6

Action                   || total
-------------------------++-------
Melee: Flail             ||    51
  Use: Scroll            ||     2
       Potion            ||     1
Armor: Robe              ||    29
Dodge: Dodged            ||    24
Block: Kite shield       ||    25

Levels and vault maps discovered:
D:1:      minmay_arrival_five_plusses, layout_loops_corners
D:2:      layout_rooms, shapermc_ecumenical_altar_flowoftime, uniq_terence,
          uniq_natasha

Notes
Turn   | Place    | Note
-------+----------+-------------------------------------------
     0 | D:1      | spaghetti the Ogre Fighter began the quest for the Orb.
     0 | D:1      | Reached XP level 1. HP: 24/24 MP: 1/1
     0 | D:1      | magus.rc [v1.9.6]
   222 | D:1      | Reached XP level 2. HP: 21/33 MP: 2/2
   430 | D:1      | Reached skill level 5 in Fighting
  1234 | D:2      | Noticed Natasha
  1236 | D:2      | Noticed a crimson imp
  1240 | D:2      | HP: 8/35 [white imp/puff of frost[Natasha] (8)]
  1241 | D:2      | HP: 1/35 [Natasha (7)]
  1241 | D:2      | Killed from afar by a white imp

Vanquished Creatures
  A dart slug (D:1)
  2 bats (D:1)
  2 endoplasms (D:1)
  2 goblins (D:1)
  4 hobgoblins (D:1)
  A ball python (D:1)
  2 frilled lizards (D:1)
  A kobold (D:1)
  2 rats (D:1)
17 creatures vanquished.

Table legend:
 A = Non-vault XP
 B = Vault XP
 C = Vault XP percentage of total XP
 D = Non-vault monster count
 E = Vault monster count
 F = Vault count percentage of total count
                 A         B        C        D         E       F
            +---------+---------+-------+---------+---------+-------
      Total |      29 |       0 |   0.0 |      17 |       0 |   0.0
            +---------+---------+-------+---------+---------+-------
        D:1 |      29 |       0 |   0.0 |      17 |       0 |   0.0
            +---------+---------+-------+---------+---------+-------

Illustrated notes

Table legend:
 A = Kills in this place as a percentage of kills in entire the game.
 B = Kills by you in this place as a percentage of kills by you in the entire game.
 C = Kills by friends in this place as a percentage of kills by friends in the entire game.
 D = Other kills in this place as a percentage of other kills in the entire game.
 E = Experience gained in this place as a percentage of experience gained in the entire game.
 F = Experience gained in this place divided by the number of levels of this place that you have seen.
                   A       B       C       D       E      F
               +-------+-------+-------+-------+-------+----------------------
         Total | 100.0 | 100.0 |   N/A |   N/A | 100.0 |  14.5
       Dungeon | 100.0 | 100.0 |   N/A |   N/A | 100.0 |  14.5
               +-------+-------+-------+-------+-------+----------------------

Table legend: (Time is in decaauts)
 A = Elapsed time spent in this place.
 B = Non-inter-level travel time spent in this place.
 C = Inter-level travel time spent in this place.
 D = Time resting spent in this place.
 E = Time spent auto-exploring this place.
 F = Levels seen in this place.
 G = Mean time per level.
                   A        B        C        D        E       F      G
               +--------+--------+--------+--------+--------+-----+--------+
         Total |   1263 |   1145 |    118 |    237 |    714 |   2 |  631.5 |
       Dungeon |   1263 |   1145 |    118 |    237 |    714 |   2 |  631.5 |
               +--------+--------+--------+--------+--------+-----+--------+

Top non-repeatable levels by time:
     D:1: 1254 daAuts
     D:2: 8 daAuts
